Description

Very easy beginner zerg build order that will work well from Bronze through to Platinum. It's a timing attack with plenty of roaches!

Main Goals of the build: 1) Give you a simple goal of executing a timing attack by a specific time (5:30) 2) Simply the complexity of the game as much as possible 3) Framework to practice the important mechanics (injects, macro cycle, spending money etc...)

VOD

https://www.youtube.com/watch?v=Rfwzf_AJgFU

Replay - HuShang's Beginner Zerg Build Order (2022)

Build Order

Get SALT Encoding   

  12  0:00  Drone  
  13  0:12  Overlord  
  13  0:18  Drone  
  14  0:32  Drone x2  
  16  0:48  Hatchery  
  15  0:52  Drone x2  
  17  0:58  Drone  
  18  1:10  Extractor  
  17  1:14  Spawning Pool  
  17  1:16  Drone x2  
  18  1:28  Drone  
  20  1:53  Overlord  
  20  2:01  Queen x2  
  20  2:02  Zergling x4  
  32  2:43  Overlord  
  32  2:48  Lair  
  36  3:06  Overlord  
  42  3:14  Extractor x2  
  42  3:16  Spore Crawler  
  42  3:18  Roach Warren  
  38  3:26  Spore Crawler  
  47  3:54  Overlord  
  48  3:55  Hatchery  
  48  4:00  Glial Reconstitution  
  47  4:15  Roach x7  
  59  4:21  Roach  
  59  4:22  Overseer  
  63  4:46  Roach x2  
Spawning Tool Build Advisor. Get it on Overwolf

Go to:

Details

  • Created by: hushang      
  • Published on: May 14, 2022
  • Patch: 4.11.0
  • Difficulty: Easy
Show
View Real Time Build Order
Export as new Build Order

Comments (6)

On July 28, 2022, 12:41 p.m., jayfurz  said:

What do you do when you are in plat+?

On July 3, 2022, 8:31 p.m., sportsliker  said:

@dani86
The 20 number only includes the drones created before the pool finishes. 2 queens and 4 zerglings add 6 supply, bringing you up to 26. The next 6 supply come from 6 drones (2 every ~10 seconds as larva appear), for a total of 32.

On June 26, 2022, 3:18 p.m., dani86  said:

Hello,
I am new to this game,
how is possible to get from 20 to 32 population in 41 sec. , what do you produce at this time?
20 2:02 Zergling x4
32 2:43 Overlord

On June 20, 2022, 3:13 a.m., xObito  said:

In reference to my last comment, I noticed that when using Spawning Tool on Overwolf, the whole build is shown with no missing overlords, it's only when you try to use the SALT code that there's missing overlords @ 36+42.

On June 20, 2022, 2:33 a.m., xObito  said:

So, using the SALT code I noticed that the overlords on 36 and 47 supply aren't listed when executing this b/o in the SALT mod.
Not that big of a deal but, fixing that may help someone newer to the game so they aren't flabbergasted lol.

On May 20, 2022, 12:30 p.m., hushang  said:

Tried this build out and it's really good ( ͡° ͜ʖ ͡°)

Create an account to comment!